 Dungeon Crawl Stone Soup version 0.30-a0-782-ge64f9170bb (webtiles) character file.

Game seed: 11530156748258849966

770 Dirian the Chopper (level 7, 0/61 HPs)
             Began as a Minotaur Fighter on Mar 7, 2023.
             Slain by an iguana (10 damage)
             ... on level 5 of the Dungeon.
             The game lasted 00:05:23 (3299 turns).

Dirian the Chopper (Minotaur Fighter)               Turns: 3299, Time: 00:05:23

Health: 0/61       AC: 11    Str: 23    XL:     7   Next: 52%
Magic:  6/6        EV:  7    Int:  5    God:
Gold:   6          SH:  4    Dex:  9    Spells: 6/6 levels left

rFire   + . .      SeeInvis .    a - +1 war axe
rCold   . . .      Faith    .    c - +0 buckler
rNeg    + . .      Spirit   .    j - +0 chain mail
rPois   .          Reflect  .    (helmet restricted)
rElec   .          Harm     .    (no cloak)
rCorr   .          Rampage  .    (no gloves)
Will    .....                    k - +0 pair of boots Stlth
                                 (no amulet)
HPRegen 0.30/turn                n - ring of positive energy
MPRegen 0.10/turn                e - ring of protection from fire

@: no status effects
A: horns 2, retaliatory headbutt
a: no special abilities


You were on level 5 of the Dungeon.
You visited 1 branch of the dungeon, and saw 5 of its levels.

You collected 110 gold pieces.
You spent 104 gold pieces at shops.

Inventory:

Hand Weapons
 a - a +1 war axe (weapon)
 o - a +0 war axe
Armour
 c - a +0 buckler (worn)
 j - a +0 chain mail (worn)
 k - a +0 pair of boots (worn)
Jewellery
 e - a ring of protection from fire (right hand)
 n - a ring of positive energy (left hand)
Scrolls
 b - a scroll of magic mapping
 t - a scroll of teleportation
Potions
 d - a potion of degeneration {unknown}
 f - a potion of haste {unknown}
 i - a potion of lignification {unknown}
 l - a potion of magic {unknown}
 m - 2 potions of ambrosia {unknown}
 p - a potion of attraction {unknown}
 q - 5 potions of curing
 r - 3 potions of brilliance {unknown}
 w - 3 potions of heal wounds


   Skills:
 + Level 5.5 Fighting
 + Level 6.8 Axes
 + Level 6.3 Armour
 + Level 5.3 Shields


You had 6 spell levels left.
You didn't know any spells.
Your spell library contained the following spells:

 Spells                   Type           Power      Damage    Failure   Level
 Magic Dart               Conj           0%         1d3       99%         1
 Call Imp                 Summ           0%         N/A       100%        2
 Mephitic Cloud           Conj/Pois/Air  0%         N/A       100%        3
 Ozocubu's Armour         Ice            0%         N/A       100%        3
 Ozocubu's Refrigeration  Ice            0%         4d7       100%        7


Dungeon Overview and Level Annotations

Branches:
Dungeon (5/15) Zot: 26630
 Temple: D:4-7

Altars:

Shops:
D:3 !


Innate Abilities, Weirdness & Mutations

You have a pair of horns on your head.
You reflexively headbutt those who attack you in melee.


Message History

You kill the ice beast!
You see here an adder corpse.
q - 5 potions of curing (gained 2)
An iguana comes into view.
The iguana hisses angrily.
The iguana barely misses you. You furiously retaliate!
You headbutt the iguana. You closely miss the iguana.
The iguana is moderately wounded.
The iguana closely misses you.
You closely miss the iguana. Your headbutt misses the iguana.
The iguana is moderately wounded.
The iguana barely misses you.
You hit the iguana but do no damage. Your headbutt misses the iguana.
The iguana is moderately wounded.
A jelly comes into view.
The iguana bites you but does no damage.
You block the iguana's attack.
You closely miss the iguana.
The iguana is moderately wounded.
The jelly quivers.
The iguana bites you.
You hit the iguana.
The iguana is heavily wounded.
The iguana bites you!
You closely miss the iguana.
The iguana is heavily wounded.
The iguana bites you but does no damage.
You barely miss the iguana.
You headbutt the iguana, but do no damage.
The iguana is heavily wounded.
The iguana barely misses you.
You hit the iguana.
The iguana is severely wounded.
You slash the jelly!
Your hands burn!
The jelly hits you.
You are splashed with acid!
The iguana bites you. The jelly hits you.
* * * LOW HITPOINT WARNING * * *
You are splashed with acid!
* * * LOW HITPOINT WARNING * * *
The iguana bites you!
You die...

## ## .. .# .# .#
.##.# ...####
#l....#..
######@.......
.#....J###.####
.........##
..........#
..........#
..........#
..........#
..........#
..........########.#


You could see an iguana and a jelly.

Vanquished Creatures
  Sigmund (D:2)
  A water moccasin (D:4)
  An ice beast (D:5)
  A scorpion (D:4)
  A hound (D:4)
  A jelly (D:4)
  Jessica (D:2)
  3 orc wizards
  3 gnolls (D:3)
  6 adders
  A worm (D:3)
  2 dart slugs (D:1)
  13 orcs
  8 ball pythons
  11 endoplasms
  A giant cockroach (D:1)
  6 goblins
  4 hobgoblins
  2 jackals (D:3)
  7 quokkas
  6 bats
  7 frilled lizards
  5 kobolds
  9 rats
101 creatures vanquished.

Notes
Turn   | Place    | Note
-------+----------+-------------------------------------------
     0 | D:1      | Dirian the Minotaur Fighter began the quest for the Orb.
     0 | D:1      | Reached XP level 1. HP: 19/19 MP: 0/0
   118 | D:1      | Reached XP level 2. HP: 26/27 MP: 1/1
   421 | D:1      | Reached XP level 3. HP: 27/33 MP: 2/2
   718 | D:2      | Noticed Sigmund
   740 | D:2      | Killed Sigmund
   741 | D:2      | Reached XP level 4. HP: 30/41 MP: 3/3
   741 | D:2      | Reached XP level 5. HP: 34/47 MP: 4/4
  1056 | D:2      | Noticed Jessica
  1058 | D:2      | Killed Jessica
  1414 | D:3      | Reached skill level 5 in Armour
  1414 | D:3      | Reached XP level 6. HP: 26/55 MP: 5/5
  1418 | D:3      | Reached skill level 5 in Shields
  1655 | D:3      | Found Weawuarph's Distillery.
  1687 | D:3      | Bought a potion of curing for 39 gold pieces
  1705 | D:3      | Reached skill level 5 in Fighting
  1713 | D:3      | Reached skill level 5 in Axes
  1897 | D:3      | Found a faded altar of an unknown god.
  2921 | D:4      | Noticed a water moccasin
  2926 | D:4      | Killed a water moccasin
  2927 | D:4      | Reached XP level 7. HP: 56/61 MP: 6/6
  3207 | D:3      | Bought a potion of heal wounds for 65 gold pieces
  3226 | D:5      | Entered Level 5 of the Dungeon
  3299 | D:5      | Slain by an iguana

Illustrated notes

Levels and vault maps discovered:
D:1:      evilmike_arrival_plus, layout_basic
D:2:      layout_basic, uniq_jessica, uniq_sigmund
D:3:      layout_loops_ring, serial_shops, nicolae_shop_crystal,
          hellmonk_ecumenical_altar_leap_of_faith, kennysheep_path_1
D:4:      layout_loops_ring
D:5:      layout_rooms

Skill      XL: |  1  2  3  4  5  6  7 |
---------------+----------------------+-----
Fighting       | 4 5 |  5.5
Shields        | 4 5 |  5.3
Armour         | 4 5 6 |  6.3
Axes           | 4 6 |  6.8

Action                     |  1- 3 |  4- 6 |  7- 9 || total
---------------------------+-------+-------+-------++-------
  Melee: War axe           |    55 |   153 |    16 ||   224
         Headbutt          |    15 |    19 |     3 ||    37
    Use: Scroll            |     1 |     5 |     2 ||     8
         Potion            |     1 |       |       ||     1
 Armour: Scale mail        |    25 |    54 |       ||    79
         Chain mail        |       |     1 |     4 ||     5
  Dodge: Dodged            |    35 |    66 |     8 ||   109
  Block: Buckler           |    12 |    25 |     3 ||    40

Table legend: (Time is in decaauts)
 A = Elapsed time spent in this place.
 B = Non-inter-level travel time spent in this place.
 C = Inter-level travel time spent in this place.
 D = Time resting spent in this place.
 E = Time spent auto-exploring this place.
 F = Levels seen in this place.
 G = Mean time per level.
                   A        B        C        D        E       F      G
               +--------+--------+--------+--------+--------+-----+--------+
         Total |   3368 |   3109 |    259 |      0 |   2439 |   5 |  673.6 |
       Dungeon |   3368 |   3109 |    259 |      0 |   2439 |   5 |  673.6 |
               +--------+--------+--------+--------+--------+-----+--------+

Top non-repeatable levels by time:
     D:4: 954 daAuts
     D:3: 941 daAuts
     D:2: 765 daAuts
     D:1: 631 daAuts
     D:5: 74 daAuts
